 Dungeon Crawl Stone Soup version 0.25-a0-503-ge281fa673e (webtiles) character file.

Game seed: 1334942379857710877, levelgen mode: deterministic

1564 drasked the Conjurer (level 8, -1/52 HPs)
             Began as a Mummy Wizard on Feb 13, 2020.
             Was a Follower of Vehumet.
             Slain by a water moccasin (5 damage)
             ... on level 6 of the Dungeon.
             The game lasted 00:22:37 (7893 turns).

drasked the Conjurer (Mummy Wizard)                 Turns: 7893, Time: 00:22:37

Health: -1/52      AC:  2    Str: 10    XL:     8   Next: 58%
Magic:  12/25      EV: 12    Int: 20    God:    Vehumet [*.....]
Gold:   257        SH:  0    Dex: 10    Spells: 8/18 levels left

rFire    + . .     SeeInvis .   p - +3 flail (vorpal)
rCold    + + .     Gourm    .   (no shield)
rNeg     + + +     Faith    .   a - +0 robe
rPois    ∞         Spirit   .   b - +0 hat
rElec    .         Reflect  .   l - scarf {rC+ rF+}
rCorr    .         Harm     .   (no gloves)
MR       +....                  (no boots)
Stlth    ++........             (no amulet)
HPRegen  0.17/turn              h - ring of magical power {MP+9MP+9}
MPRegen  0.19/turn              F - ring of protection from fire {rF+, !d}

@: no status effects
A: no food or potions, fire vulnerability, cold resistance 1, negative energy
resistance 3, torment resistance, unbreathing
a: Renounce Religion


You were on level 6 of the Dungeon.
You worshipped Vehumet.
Vehumet was aware of your devotion.
You were not hungry.

You visited 2 branches of the dungeon, and saw 7 of its levels.

You collected 257 gold pieces.

Inventory:

Hand Weapons
 f - a +4 flail
   (You took it off an orc on level 3 of the Dungeon)
 m - a +0 short sword of electrocution
   (You took it off an orc on level 3 of the Dungeon)
 p - a +3 vorpal flail (weapon)
   (You took it off Edmund on level 4 of the Dungeon)
Missiles
 k - 19 poisoned darts (quivered)
 q - 8 javelins
Armour
 a - a +0 robe (worn)
 b - a +0 hat (worn)
 l - a scarf of resistance (worn)
   (You found it on level 3 of the Dungeon)
 r - the +5 ring mail of Zihui {rCorr, unknown}
   (You found it on level 4 of the Dungeon)

   It provides partial protection from all sources of acid and corrosion.
   If you switch to wearing this armour, your AC will increase by 8 (2 -> 10).
Jewellery
 h - a ring of magical power (left hand) {MP+9MP+9}
   (You found it on level 2 of the Dungeon)
 n - an uncursed amulet of magic regeneration {unknown}
   (You found it on level 4 of the Dungeon)
 F - a ring of protection from fire (right hand) {rF+, !d}
   (You found it on level 1 of the Dungeon)
Wands
 e - a wand of polymorph (1)
   (You took it off an orc priest on level 3 of the Dungeon)
Scrolls
 c - 16 scrolls of identify {unknown}
 d - a scroll of amnesia {unknown}
 g - a scroll of enchant armour {unknown}
 i - 2 scrolls of magic mapping {unknown}
 j - 4 scrolls of teleportation {unknown}
 o - a scroll of noise {unknown}


   Skills:
 - Level 1.5 Dodging
 - Level 1.5 Stealth
 - Level 5.9 Spellcasting
 - Level 7.7 Conjurations
 + Level 2.0 Summonings
 - Level 0.7 Translocations
 + Level 1.6 Ice Magic
 - Level 1.4 Air Magic
 - Level 1.3 Poison Magic


You had 8 spell levels left.
You knew the following spells:

 Your Spells              Type           Power        Failure   Level  Hunger
a - Magic Dart            Conj           ####         1%          1    N/A
b - Blink                 Tloc           N/A          12%         2    N/A
c - Summon Ice Beast      Ice/Summ       ##......     45%         4    N/A
x - Mephitic Cloud        Conj/Pois/Air  ###.....     8%          3    N/A

Your spell library contained the following spells:

 Spells                   Type           Power        Failure   Level  Hunger
 Sandblast                Erth           #.....       11%         1    N/A
 Summon Small Mammal      Summ           ##..         4%          1    N/A
 Freeze                   Ice            ##..         5%          1    N/A
 Call Imp                 Summ           ##......     7%          2    N/A
 Conjure Flame            Conj/Fire      ###.....     7%          3    N/A
 Call Canine Familiar     Summ           ##......     14%         3    N/A
 Slow                     Hex            #.......     16%         2    N/A
 Frozen Ramparts          Ice            ##....       16%         3    N/A
 Hailstorm                Conj/Ice       ###.....     16%         4    N/A
 Ozocubu's Armour         Chrm/Ice       #.......     22%         3    N/A
 Summon Guardian Golem    Hex/Summ       #.......     22%         3    N/A
 Summon Lightning Spire   Summ/Air       ##......     45%         4    N/A

Dungeon Overview and Level Annotations

Branches:
Dungeon (6/15)             Temple (1/1) D:4

Altars:
Ashenzari
Cheibriados
Dithmenos
Elyvilon
Fedhas
Gozag
Hepliaklqana
Kikubaaqudgha
Makhleb
Nemelex Xobeh
Okawaru
Ru
Sif Muna
Trog
Uskayaw
Vehumet
Wu Jian
Xom
Yredelemnul
Zin


Innate Abilities, Weirdness & Mutations

You do not eat or drink.
Your flesh is vulnerable to fire.
You are immune to poison.
Your flesh is cold resistant. (rC+)
You are immune to negative energy. (rN+++)
You are immune to unholy pain and torment.
You can survive without breathing.


Message History

Aim: a scorpion (severely wounded)
The magic dart hits the scorpion but does no damage.
The scorpion stings you!
Aim: a scorpion (severely wounded)
The magic dart hits the scorpion.
You kill the scorpion!
You can't see any susceptible monsters within range! (Use Z to cast anyway.)
You see here a scorpion corpse.
You start resting.
You start resting.
A worker ant comes into view.
A worker ant is nearby!
Aim: a worker ant (hasn't noticed you)
The magic dart hits the worker ant.
Aim: a worker ant (moderately wounded)
The magic dart hits the worker ant.
Aim: a worker ant (moderately wounded)
The magic dart hits the worker ant but does no damage.
Aim: a worker ant (moderately wounded)
The magic dart hits the worker ant.
Aim: a worker ant (heavily wounded)
The magic dart hits the worker ant.
Aim: a worker ant (severely wounded)
The magic dart hits the worker ant but does no damage.
The worker ant bites you. The worker ant barely misses you.
Aim: a worker ant (severely wounded)
The magic dart hits the worker ant!
You kill the worker ant!
Your Summonings skill increases to level 2!
You start resting.
You start resting.
An ogre comes into view. It is wielding a +0 giant spiked club.
Found an opulent altar of Gozag.
Okay, then.
An ogre is nearby!
Aim: an ogre, wielding a +0 giant spiked club (resting)
The magic dart hits the ogre but does no damage.
The ogre shouts!
Aim: an ogre, wielding a +0 giant spiked club The magic dart hits the ogre.
Aim: an ogre, wielding a +0 giant spiked club (lightly wounded)
The magic dart hits the ogre.
Aim: an ogre, wielding a +0 giant spiked club (moderately wounded)
The magic dart hits the ogre.
Aim: an ogre, wielding a +0 giant spiked club (moderately wounded)
The ball explodes into a vile cloud!
The stinking cloud engulfs the ogre but does no damage.
You hear an angry hiss.
You hear a shout!
A water moccasin comes into view.
The ogre is engulfed in noxious fumes.
The ogre appears confused.
The ogre ponders the situation.
Aim: an ogre, wielding a +0 giant spiked club (moderately wounded, confused)
The magic dart hits the ogre.
The water moccasin hisses angrily.
Aim: an ogre, wielding a +0 giant spiked club (moderately wounded, confused)
The magic dart hits the ogre.
You hit the ogre.
A leopard gecko comes into view.
The water moccasin misses you.
Aim: an ogre, wielding a +0 giant spiked club (heavily wounded, confused)
The magic dart hits the ogre.
The water moccasin bites you. The water moccasin misses you.
The ball explodes into a vile cloud!
The stinking cloud engulfs the water moccasin but does no damage.
The water moccasin bites you.
The ogre closely misses the water moccasin.
The ogre seems less confused.
The water moccasin bites you.
The ball explodes into a vile cloud!
The stinking cloud engulfs the water moccasin but does no damage.
The stinking cloud engulfs the ogre but does no damage.
The water moccasin bites you but does no damage.
You miss the water moccasin. The water moccasin closely misses you.
The water moccasin barely misses you.
The ogre is engulfed in noxious fumes.
You barely miss the ogre. The water moccasin barely misses you.
The water moccasin bites you but does no damage.
The ogre is engulfed in noxious fumes.
The ogre appears confused.
The ogre says, "Why is everything spinning?"
The ogre barely misses you.
You hit the water moccasin but do no damage.
The water moccasin barely misses you. The water moccasin bites you.
The ogre is engulfed in noxious fumes.
Aim: a water moccasin The magic dart hits the water moccasin but does no damage.
The water moccasin bites you. x2
Aim: a water moccasin The magic dart hits the water moccasin.
The water moccasin closely misses you.
Aim: a water moccasin (moderately wounded)
The magic dart hits the water moccasin.
The water moccasin bites you!
* * * LOW HITPOINT WARNING * * *
The ogre hits you with a +0 giant spiked club!!
* * * LOW HITPOINT WARNING * * *
The leopard gecko closely misses you. The water moccasin bites you.
* * * LOW HITPOINT WARNING * * *
Unknown command.
The ogre seems less confused.
The water moccasin barely misses you. The water moccasin misses you.
The water moccasin barely misses you. The water moccasin bites you.
You die...

...# #....#######
.$........
........###
#.#.....$..
#.#........
#.#........
#..@.......
#OS##......... ..
#.l##......... ...
#..##.......# ##.##
#..##....#..# .....
#..# #....#.#......
#..# #....#.#......
##..###.........._..
#............# .


You could see a water moccasin, an ogre and a leopard gecko.

Levels and vault maps discovered:
D:1:      dpeg_arrival_boxes_within_box, layout_loops_ring
D:2:      layout_basic, lemuel_crystal_altar, nicolae_ru_the_path_less_chosen,
          first_ration, dk_vineyard_1
D:3:      layout_basic, overflow_temple_1_default
D:4:      layout_rooms, nemelex_xobeh_ov_fountains_minmay, marbit_many_paths,
          ashenzari_conservatory_becter, minmay_temple_entry_fiery,
          corexii_hall_statues_u, uniq_menkaure, uniq_edmund
D:5:      layout_rooms, kennysheep_mini, serial_curves, eino_curves_01,
          eino_curves_01, cheibriados_altar_1
D:6:      layout_basic, kennysheep_little_box, overflow_temple_1_default,
          old_standard_altar
Temple:   dpeg_chambers_temple

Notes
Turn   | Place    | Note
-------+----------+-------------------------------------------
     0 | D:1      | drasked the Mummy Wizard began the quest for the Orb.
     0 | D:1      | Reached XP level 1. HP: 13/13 MP: 5/5
    17 | D:1      | Reached skill level 1 in Conjurations
    22 | D:1      | Identified a +0 dagger (You found it on level 1 of the
                  | Dungeon)
   489 | D:1      | Reached XP level 2. HP: 19/19 MP: 0/7
   673 | D:1      | Identified a +0 dagger
   674 | D:1      | Reached skill level 2 in Conjurations
   819 | D:1      | Identified a +0 dagger
   848 | D:1      | Identified a +0 club
   900 | D:1      | Identified a +0 club
   906 | D:1      | Identified a +0 whip (You found it on level 1 of the
                  | Dungeon)
  1204 | D:1      | Reached XP level 3. HP: 24/24 MP: 4/8
  1209 | D:1      | Learned a level 3 spell: Mephitic Cloud
  1470 | D:2      | Identified a +0 club
  1571 | D:2      | Identified a +0 club
  1765 | D:2      | Reached skill level 3 in Conjurations
  1825 | D:2      | Found a basalt altar of Yredelemnul.
  1959 | D:2      | Identified a +0 club
  1960 | D:2      | Identified a +0 dagger
  2008 | D:2      | Found a sacrificial altar of Ru.
  2292 | D:2      | Reached XP level 4. HP: 12/30 MP: 0/10
  2540 | D:2      | Identified a +0 dagger
  3053 | D:2      | Identified a +0 club
  3239 | D:2      | Identified a +0 club
  3276 | D:3      | Identified a +0 hunting sling
  3359 | D:3      | Found an ornate altar of the Wu Jian Council.
  3449 | D:3      | Identified a +0 club
  3862 | D:3      | Identified a cursed -2 mace
  3862 | D:3      | Identified a +0 short sword of electrocution
  3862 | D:3      | Identified a +0 leather armour
  3862 | D:3      | Identified a +0 flail
  3890 | D:3      | Identified a +0 flail of protection
  3890 | D:3      | Identified a +0 ring mail
  3910 | D:3      | Reached skill level 4 in Conjurations
  3910 | D:3      | Reached XP level 5. HP: 13/35 MP: 0/11
  4001 | D:3      | Identified a scarf of resistance (You found it on level 3
                  | of the Dungeon)
  4001 | D:3      | Identified a ring of magical power (You found it on level 2
                  | of the Dungeon)
  4002 | D:3      | Identified a ring of protection from fire (You found it on
                  | level 1 of the Dungeon)
  4192 | D:3      | Identified a +0 club
  4268 | D:3      | Identified a +0 club
  4273 | D:3      | Identified a +4 flail
  4353 | D:3      | Identified a +0 club
  4391 | D:3      | Identified a +0 short sword
  4517 | D:4      | Identified a +0 giant club
  4517 | D:4      | Noticed an ogre
  4554 | D:4      | Killed an ogre
  4554 | D:4      | Reached skill level 1 in Air Magic
  4554 | D:4      | Reached skill level 1 in Poison Magic
  4554 | D:4      | Reached XP level 6. HP: 41/41 MP: 7/12
  4556 | D:4      | Identified a +3 vorpal flail
  4556 | D:4      | Identified a +0 chain mail
  4556 | D:4      | Noticed Edmund
  4769 | D:4      | Found a sparkling altar of Nemelex Xobeh.
  4951 | D:4      | Identified a +0 dagger
  4951 | D:4      | Identified a +0 robe
  4955 | D:4      | Identified a +0 dagger
  4955 | D:4      | Identified a +0 robe
  4966 | D:4      | Identified a +0 hand axe
  4966 | D:4      | Identified a +0 ring mail
  5012 | D:4      | Identified a +0 quarterstaff
  5024 | D:4      | Identified a +0 giant club
  5033 | D:4      | Reached skill level 5 in Conjurations
  5044 | D:4      | Learned a level 2 spell: Blink
  5180 | D:4      | Noticed Menkaure
  5265 | D:4      | Reached XP level 7. HP: 42/46 MP: 13/13
  5286 | D:4      | Killed Edmund
  5286 | D:4      | Reached skill level 6 in Conjurations
  5499 | D:4      | Found a staircase to the Ecumenical Temple.
  5499 | D:4      | Identified a +0 leather armour
  5506 | Temple   | Entered the Ecumenical Temple
  5728 | Temple   | Became a worshipper of Vehumet
  5870 | D:4      | Got an ichor-stained ring mail
  5896 | D:4      | Found a shattered altar of Ashenzari.
  5914 | D:4      | Killed Menkaure
  6044 | D:4      | Reached skill level 7 in Conjurations
  6080 | D:4      | Found a hazy altar of Hepliaklqana.
  6214 | D:5      | Entered Level 5 of the Dungeon
  6225 | D:5      | Identified a +0 whip
  6225 | D:5      | Identified a cursed -1 whip
  6225 | D:5      | Identified a +0 flail
  6381 | D:5      | Reached XP level 8. HP: 44/52 MP: 14/14
  6545 | D:5      | Identified a +0 mace
  6545 | D:5      | Identified a cursed +0 scale mail
  6745 | D:5      | Identified a +0 dagger
  6745 | D:5      | Identified a +0 robe
  6751 | D:5      | Identified a +0 whip
  6754 | D:5      | Identified a +2 flail of protection
  6754 | D:5      | Identified a +0 leather armour
  6852 | D:5      | Reached skill level 5 in Spellcasting
  7176 | D:5      | Found a bloodstained altar of Trog.
  7204 | D:5      | Identified a +0 giant spiked club
  7333 | D:5      | Found a snail-covered altar of Cheibriados.
  7348 | D:5      | Learned a level 4 spell: Summon Ice Beast
  7440 | D:6      | Reached * piety under Vehumet
  7440 | D:6      | Offered knowledge of Sandblast by Vehumet.
  7449 | D:6      | Reached skill level 1 in Summonings
  7600 | D:6      | Reached skill level 1 in Ice Magic
  7683 | D:6      | Found a shimmering blue altar of Sif Muna.
  7752 | D:6      | Reached skill level 2 in Summonings
  7860 | D:6      | Found an opulent altar of Gozag.
  7860 | D:6      | Identified a +0 giant spiked club
  7884 | D:6      | HP: 4/52 [ogre/+0 giant spiked club (21)]
  7893 | D:6      | Slain by a water moccasin

Table legend:
 A = Turns spent in this place as a percentage of turns spent in the entire game.
 B = Non-inter-level travel turns spent in this place as a percentage of non-inter-level travel turns spent in the entire game.
 C = Inter-level travel turns spent in this place as a percentage of turns spent in this place.
 D = Turns resting spent in this place as a percentage of non-inter-level travel turns spent in this place.
 E = Turns spent auto-exploring this place as a percentage of non-inter-level travel turns spent in this place.
 F = Non-inter-level travel turns spent in this place divided by the number of levels of this place that you've seen.
                   A       B       C       D       E      F
               +-------+-------+-------+-------+-------+----------------------
         Total | 100.0 | 100.0 |   3.3 |  41.5 |  44.7 | 1090.0
       Dungeon |  96.8 |  97.5 |   2.7 |  42.6 |  43.4 | 1239.8
        Temple |   3.2 |   2.5 |  23.6 |   0.0 |  95.8 | 191.0
               +-------+-------+-------+-------+-------+----------------------

Table legend:
 A = Kills in this place as a percentage of kills in entire the game.
 B = Kills by you in this place as a percentage of kills by you in the entire game.
 C = Kills by friends in this place as a percentage of kills by friends in the entire game.
 D = Other kills in this place as a percentage of other kills in the entire game.
 E = Experience gained in this place as a percentage of experience gained in the entire game.
 F = Experience gained in this place divided by the number of levels of this place that you have seen.
                   A       B       C       D       E      F
               +-------+-------+-------+-------+-------+----------------------
         Total | 100.0 | 100.0 |   N/A | 100.0 | 100.0 | 319.3
       Dungeon | 100.0 | 100.0 |   N/A | 100.0 | 100.0 | 372.5
               +-------+-------+-------+-------+-------+----------------------

Skill      XL: |  1  2  3  4  5  6  7  8 |
---------------+-------------------------+-----
Conjurations   | 1 2 3 4 5 7 |  7.7
Air Magic      | 1 |  1.4
Poison Magic   | 1 |  1.3
Spellcasting   | 5 |  5.9
Summonings     | 2 |  2.0
Ice Magic      | 1 |  1.6
Dodging        | |  1.5
Stealth        | |  1.5
Translocations | |  0.7

Action                   |  1- 3 |  4- 6 |  7- 9 || total
-------------------------+-------+-------+-------++-------
Melee: Dagger            |     9 |       |       ||     9
       Whip              |    14 |     1 |       ||    15
       Short sword       |       |    23 |     6 ||    29
       Flail             |       |       |    12 ||    12
Throw: Stone             |    14 |       |       ||    14
       Dart              |       |    11 |       ||    11
 Cast: Magic Dart        |   111 |   116 |   181 ||   408
       Mephitic Cloud    |       |    11 |     9 ||    20
 Stab: Confused          |       |     2 |       ||     2
Armor: Robe              |    19 |     3 |     5 ||    27
Dodge: Dodged            |    40 |    19 |    47 ||   106

Vanquished Creatures
  Menkaure (D:4)
  Edmund (D:4)
  An ice beast (D:5)
  A sky beast (D:6)
  3 ogres
  A big kobold (D:4)
  4 scorpions
  3 howler monkeys
  A crimson imp (D:6)
  A bullfrog zombie (D:5)
  A hound (D:5)
  An orc priest (D:3)
  3 orc wizards
  A bullfrog skeleton (D:5)
  An iguana (D:5)
  3 worker ants
  3 adders
  3 gnolls (D:5)
  2 worms (D:2)
  2 dart slugs
  6 leopard geckos
  11 orcs
  3 ball pythons
  8 bats
  7 giant cockroaches
  10 goblins
  6 hobgoblins
  11 jackals
  3 quokkas
  5 frilled lizards
  7 kobolds
  A leopard gecko skeleton (D:4)
  A quokka skeleton (D:4)
  13 rats
129 creatures vanquished.
